Oilers vs Jets
(R1)
Created - June 4, 2022 at 21:05
Goals
|
| Oilers |
1 |
2 |
2 |
5 |
| Jets |
2 |
2 |
0 |
4 |
|
Shots
|
| Oilers |
10 |
16 |
3 |
29 |
| Jets |
12 |
11 |
6 |
29 |
|
1st period
1. Jets , Viktor Arvidsson 26 (Jake McCabe 18, Ryan Johansen 54) at 2:04
2. Jets , Ryan Johansen 30 (Viktor Arvidsson 34, Alexander Wennberg 29) at 11:48
3. Oilers , Connor McDavid 33 (Leon Draisaitl 29, Tyler Toffoli 25) at 14:38 (PP)
Penalties :
Adam Henrique (Win) for Holding (Minor) at 9:11, Brent Burns (Win) for Roughing (Minor) at 12:47, Jake Gardiner (Edm) for Goalie Interference (Minor) at 17:32
2nd period
4. Oilers , Patrice Bergeron 21 (Evander Kane 54, Alex Galchenyuk 42) at 3:31
5. Jets , Adam Henrique 36 (Dougie Hamilton 31) at 10:39
6. Oilers , Alex Galchenyuk 36 (Evander Kane 55, Ryan Nugent-Hopkins 45) at 13:05 (PP)
7. Jets , Adam Henrique 37 (Jake McCabe 19, Dougie Hamilton 32) at 15:04 (PP)
Penalties :
Kyle Okposo (Win) for Hooking (Minor) at 11:29, Tyler Toffoli (Edm) for Hooking (Minor) at 14:51
3rd period
8. Oilers , Nail Yakupov 9 (Ted Purcell 7, Patrice Bergeron 36) at 4:00
9. Oilers , Jake Gardiner 6 (Alex Galchenyuk 43) at 10:38 (PP)
Penalties :
Patrice Bergeron (Edm) for Tripping (Minor) at 0:25, Max Domi (Win) for Roughing (Minor) at 10:28, Marco Scandella (Win) for High sticking (Double Minor) at 14:33
Goalie Stats
James Reimer (Edm), 25 saves from 29 shots - (0.862), W, 31-20-9, 60:00 minutes
Michal Neuvirth (Win), 24 saves from 29 shots - (0.828), L, 24-24-4, 59:14 minutes
Players Stats for Oilers
Player Name G A P +/- PIM S H SB GA TA FO MP PP MP PK MP
------------------------------------------------------------------------------------
Alex Galchenyuk 1 2 3 1 0 5 1 0 1 0 1/2 24:16 5:42 2:37
Andy Rogers 0 0 0 0 0 0 0 0 0 0 0/0 12:41 0:00 0:00
Cam Barker 0 0 0 0 0 1 0 1 2 1 1/1 26:11 6:27 2:57
Connor McDavid 1 0 1 -2 0 3 0 0 1 0 3/13 19:08 3:21 1:47
Conor Sheary 0 0 0 0 0 1 0 0 0 0 0/0 10:30 0:00 0:00
Darnell Nurse 0 0 0 0 0 0 1 1 0 0 0/0 18:56 3:08 1:14
Duncan Keith 0 0 0 -1 0 0 0 0 0 0 0/0 3:35 0:00 0:00
Evander Kane 0 2 2 1 0 1 3 2 1 1 1/1 21:12 5:43 0:00
Jake Gardiner 1 0 1 -1 2 4 1 1 1 1 0/0 26:45 6:27 1:28
Jussi Jokinen 0 0 0 -2 0 1 0 0 0 1 0/0 15:38 0:26 1:34
Leon Draisaitl 0 1 1 0 0 1 2 0 0 0 0/0 13:59 3:21 0:00
Nail Yakupov 1 0 1 0 0 2 2 0 0 0 1/1 7:02 0:25 0:00
Patrice Bergeron 1 1 2 1 2 8 4 1 1 1 17/30 22:57 0:44 1:31
Rasmus Ristolainen 0 0 0 0 0 0 1 0 2 0 0/0 18:47 3:08 1:14
Ryan Nugent-Hopkins 0 1 1 0 0 2 1 0 1 0 9/16 17:32 5:42 0:53
Ted Purcell 0 1 1 0 0 0 1 0 0 0 0/0 6:20 0:00 0:00
Tobias Enstrom 0 0 0 0 0 0 0 1 0 0 0/0 13:51 0:00 1:29
Tyler Toffoli 0 1 1 -2 2 0 3 1 0 1 0/0 16:26 3:21 0:00
Players Stats for Jets
Player Name G A P +/- PIM S H SB GA TA FO MP PP MP PK MP
------------------------------------------------------------------------------------
Adam Henrique 2 0 2 1 2 4 2 0 1 2 7/18 16:59 2:50 0:37
Alexander Wennberg 0 1 1 -1 0 1 0 0 0 0 0/0 9:25 0:00 0:12
Brent Burns 0 0 0 0 2 0 1 1 0 2 0/0 21:04 1:50 3:48
Dougie Hamilton 0 2 2 0 0 1 3 2 0 1 0/0 24:14 2:21 2:55
Eric Nystrom 0 0 0 -1 0 3 1 1 0 1 0/0 11:22 0:00 3:26
Iiro Pakarinen 0 0 0 -1 0 1 0 0 0 0 0/1 7:21 0:00 0:00
Jake McCabe 0 2 2 0 0 0 0 3 1 0 0/0 14:36 2:21 1:04
Jason Zucker 0 0 0 2 0 0 0 1 0 0 1/1 18:06 2:50 0:00
Jeff Schultz 0 0 0 0 0 0 2 0 0 2 0/0 25:56 0:00 5:05
Johnny Boychuk 0 0 0 1 0 2 1 1 0 1 0/0 16:21 0:00 4:01
Jordan Martinook 0 0 0 -1 0 0 1 0 0 0 1/1 13:52 0:00 5:03
Kyle Okposo 0 0 0 1 2 0 0 0 0 0 0/1 16:38 1:21 2:01
Marco Scandella 0 0 0 1 4 2 2 1 0 1 0/0 17:58 1:50 2:17
Max Domi 0 0 0 1 2 1 0 0 3 0 0/0 15:33 1:21 0:00
Noel Acciari 0 0 0 -1 0 2 0 0 0 0 5/12 12:26 0:00 5:05
Pierre-Marc Bouchard 0 0 0 -1 0 2 0 0 0 0 0/1 8:49 0:00 0:00
Ryan Johansen 1 1 2 2 0 3 0 0 0 0 17/28 20:38 1:21 2:46
Viktor Arvidsson 1 1 2 2 0 7 3 0 1 0 0/1 19:02 2:50 0:00
3 Stars
1 - Alex Galchenyuk (Edm)
2 - Viktor Arvidsson (Win)
3 - Patrice Bergeron (Edm)
Power Play
Oilers - 3 on 6 Attempt(s) - 50.00%
Jets - 1 on 3 Attempt(s) - 33.33%
Penalty Kill
Oilers - 2 on 3 Attempt(s) - 66.67%
- Score 0 goal in Penalty Kill
Jets - 3 on 6 Attempt(s) - 50.00%
- Score 0 goal in Penalty Kill
Team Stat
Oilers - Hits : 20 - Faceoff Wins : 33 - Blocked Shots : 8 - Penalty Minutes : 6
Jets - Hits : 16 - Faceoff Wins : 31 - Blocked Shots : 10 - Penalty Minutes : 12
Official
Referees : Chris Lee and Justin St. Pierre
Linesman : Jesse Marquis and David Brisebois
Game Notes
10:47 of 2nd period - Oilers goal is going for a video replay. After video review, No Goal. The attacking player has interfered with a goalkeeper in his goal crease.
Finance
Level 1 -- Attendance: 5618 (93.63%) -- Ticket Income $561,800
Level 2 -- Attendance: 4509 (90.18%) -- Ticket Income $270,540
Level 3 -- Attendance: 2000 (100.00%) -- Ticket Income $70,000
Level 4 -- Attendance: 4000 (100.00%) -- Ticket Income $100,000
Luxury Box -- Attendance: 1000 (100.00%) -- Ticket Income $200,000
Game was played at the Bell MTS Place.
Total Attendance: 17127 (95.15%)
Total Ticket Income: $1,202,340
Other Income: $180,351
Total Income: $1,382,691
Oilers
5 vs 5 Forward
Center Left Wing Right Wing Time % Phy DF OF
1 Patrice Bergeron Alex Galchenyuk Evander Kane 40 1 2 2
2 Connor McDavid Jussi Jokinen Tyler Toffoli 30 1 2 2
3 Ryan Nugent-Hopkins Leon Draisaitl Conor Sheary 20 1 2 2
4 Patrice Bergeron Ted Purcell Nail Yakupov 10 1 2 2
5 vs 5 Defense
Defense Defense Time % Phy DF OF
1 Jake Gardiner Cam Barker 40 1 2 2
2 Darnell Nurse Rasmus Ristolainen 30 1 2 2
3 Tobias Enstrom Andy Rogers 20 1 2 2
4 Duncan Keith Jake Gardiner 10 1 2 2
PowerPlay Forward
Center Left Wing Right Wing Time % Phy DF OF
1 Ryan Nugent-Hopkins Alex Galchenyuk Evander Kane 60 1 2 2
2 Connor McDavid Leon Draisaitl Tyler Toffoli 40 1 2 2
PowerPlay Defense
Defense Defense Time % Phy DF OF
1 Jake Gardiner Cam Barker 60 1 2 2
2 Darnell Nurse Rasmus Ristolainen 40 1 2 2
Penalty Kill 4 Players Forward
Center Wing Time % Phy DF OF
1 Patrice Bergeron Alex Galchenyuk 60 1 2 2
2 Connor McDavid Jussi Jokinen 40 1 2 2
Penalty Kill 4 Players Defense
Defense Defense Time % Phy DF OF
1 Jake Gardiner Cam Barker 60 1 2 2
2 Darnell Nurse Rasmus Ristolainen 40 1 2 2
Penalty Kill - 3 Players Forward
Forward Time % Phy DF OF
1 Patrice Bergeron 60 1 2 2
2 Connor McDavid 40 1 2 2
Penalty Kill - 3 Players Defense
Defense Defense Time % Phy DF OF
1 Jake Gardiner Cam Barker 60 1 2 2
2 Darnell Nurse Rasmus Ristolainen 40 1 2 2
4 vs 4 Forward
Center Wing Time % Phy DF OF
1 Patrice Bergeron Alex Galchenyuk 60 1 2 2
2 Connor McDavid Jussi Jokinen 40 1 2 2
4 vs 4 Defense
Defense Defense Time % Phy DF OF
1 Jake Gardiner Cam Barker 60 1 2 2
2 Darnell Nurse Rasmus Ristolainen 40 1 2 2
Last Minutes Offensive
Center Left Wing Right Wing Defense Defense
Patrice Bergeron Alex Galchenyuk Evander Kane Jake Gardiner Cam Barker
Last Minutes Defensive
Center Left Wing Right Wing Defense Defense
Patrice Bergeron Alex Galchenyuk Evander Kane Jake Gardiner Cam Barker
Goaltenders
Starting : James Reimer
Backup : Jonas Hiller
Extra Forwards
Normal : Patrice Bergeron, Connor McDavid, Leon Draisaitl - PP : Patrice Bergeron, Connor McDavid - PK : Patrice Bergeron
Extra Defensemen
Normal : Tobias Enstrom, Andy Rogers, Duncan Keith - PP : Tobias Enstrom - PK : Tobias Enstrom, Andy Rogers
Penalty Shots
Evander Kane, Alex Galchenyuk, Tyler Toffoli, Jussi Jokinen, Patrice Bergeron
Scratches
Jordan Caron (Healthy), Maxim Lapierre (Left Forearm Injury)
Jets
5 vs 5 Forward
Center Left Wing Right Wing Time % Phy DF OF
1 Ryan Johansen Jason Zucker Viktor Arvidsson 40 1 2 2
2 Adam Henrique Max Domi Kyle Okposo 30 1 2 2
3 Alexander Wennberg Jordan Martinook Pierre-Marc Bouchard 20 1 2 2
4 Noel Acciari Eric Nystrom Iiro Pakarinen 10 1 2 2
5 vs 5 Defense
Defense Defense Time % Phy DF OF
1 Jeff Schultz Dougie Hamilton 40 1 2 2
2 Marco Scandella Brent Burns 30 1 2 2
3 Jake McCabe Johnny Boychuk 20 1 2 2
4 Jeff Schultz Brent Burns 10 1 2 2
PowerPlay Forward
Center Left Wing Right Wing Time % Phy DF OF
1 Adam Henrique Jason Zucker Viktor Arvidsson 60 0 0 5
2 Ryan Johansen Max Domi Kyle Okposo 40 0 0 5
PowerPlay Defense
Defense Defense Time % Phy DF OF
1 Jake McCabe Dougie Hamilton 60 0 1 4
2 Marco Scandella Brent Burns 40 0 1 4
Penalty Kill 4 Players Forward
Center Wing Time % Phy DF OF
1 Noel Acciari Jordan Martinook 60 0 4 1
2 Ryan Johansen Eric Nystrom 40 0 4 1
Penalty Kill 4 Players Defense
Defense Defense Time % Phy DF OF
1 Jeff Schultz Brent Burns 60 0 4 1
2 Marco Scandella Johnny Boychuk 40 0 4 1
Penalty Kill - 3 Players Forward
Forward Time % Phy DF OF
1 Adam Henrique 60 0 4 1
2 Ryan Johansen 40 0 4 1
Penalty Kill - 3 Players Defense
Defense Defense Time % Phy DF OF
1 Jeff Schultz Brent Burns 60 0 5 0
2 Marco Scandella Dougie Hamilton 40 0 5 0
4 vs 4 Forward
Center Wing Time % Phy DF OF
1 Adam Henrique Kyle Okposo 60 1 2 2
2 Ryan Johansen Max Domi 40 1 2 2
4 vs 4 Defense
Defense Defense Time % Phy DF OF
1 Jeff Schultz Brent Burns 60 1 2 2
2 Marco Scandella Dougie Hamilton 40 1 2 2
Last Minutes Offensive
Center Left Wing Right Wing Defense Defense
Ryan Johansen Max Domi Viktor Arvidsson Jeff Schultz Dougie Hamilton
Last Minutes Defensive
Center Left Wing Right Wing Defense Defense
Ryan Johansen Eric Nystrom Kyle Okposo Jeff Schultz Brent Burns
Goaltenders
Starting : Michal Neuvirth
Backup : Marc-André Fleury
Extra Forwards
Normal : Viktor Arvidsson, Max Domi, Alexander Wennberg - PP : Alexander Wennberg, Kyle Okposo - PK : Kyle Okposo
Extra Defensemen
Normal : Dougie Hamilton, Jake McCabe, Johnny Boychuk - PP : Dougie Hamilton - PK : Dougie Hamilton, Jake McCabe
Penalty Shots
Viktor Arvidsson, Ryan Johansen, Max Domi, Noel Acciari, Kyle Okposo
Scratches
None
% Time on Ice - Oilers
Lines # - Real PCT - Wanted PCT - Time Play
Normal Forward
1 - 33% - 40% - 14:50
2 - 30% - 30% - 13:34
3 - 23% - 20% - 10:30
4 - 14% - 10% - 6:20
Normal Defense
1 - 36% - 40% - 16:20
2 - 32% - 30% - 14:25
3 - 24% - 20% - 10:54
4 - 8% - 10% - 3:35
PP Forward
1 - 65% - 60% - 6:14
2 - 35% - 40% - 3:21
PP Defense
1 - 67% - 60% - 6:27
2 - 33% - 40% - 3:08
PK Forward
1 - 88% - 60% - 3:41
2 - 12% - 40% - 0:30
PK Defense
1 - 71% - 60% - 2:57
2 - 29% - 40% - 1:14
PK3 Forward
1 - 0% - 60%
2 - 0% - 40%
PK3 Defense
1 - 0% - 60%
2 - 0% - 40%
44 Forward
1 - 0% - 60%
2 - 0% - 40%
44 Defense
1 - 0% - 60%
2 - 0% - 40%
Last Minute Offensive - 0:00
Last Minute Defensive - 1:00
Total
Forward - 60:00
Defense - 60:00
|
% Time on Ice - Jets
Lines # - Real PCT - Wanted PCT - Time Play
Normal Forward
1 - 35% - 40% - 15:40
2 - 30% - 30% - 13:28
3 - 19% - 20% - 8:49
4 - 16% - 10% - 7:21
Normal Defense
1 - 40% - 40% - 18:02
2 - 31% - 30% - 14:12
3 - 25% - 20% - 11:11
4 - 4% - 10% - 1:53
PP Forward
1 - 68% - 60% - 2:50
2 - 32% - 40% - 1:21
PP Defense
1 - 56% - 60% - 2:21
2 - 44% - 40% - 1:50
PK Forward
1 - 71% - 60% - 6:49
2 - 29% - 40% - 2:46
PK Defense
1 - 53% - 60% - 5:05
2 - 47% - 40% - 4:30
PK3 Forward
1 - 0% - 60%
2 - 0% - 40%
PK3 Defense
1 - 0% - 60%
2 - 0% - 40%
44 Forward
1 - 0% - 60%
2 - 0% - 40%
44 Defense
1 - 0% - 60%
2 - 0% - 40%
Last Minute Offensive - 0:56
Last Minute Defensive - 0:00
Total
Forward - 60:00
Defense - 60:00
|
Play-by-Play
1st period
0:01 of 1st period - Ryan Johansen wins face-off versus Patrice Bergeron in neutral zone.
0:17 of 1st period - Wrist shot by Patrice Bergeron.
0:17 of 1st period - Shot Misses the Net.
0:50 of 1st period - Darnell Nurse is hit by Dougie Hamilton and loses puck.
1:11 of 1st period - Off-side.
1:12 of 1st period - Patrice Bergeron wins face-off versus Noel Acciari in neutral zone.
1:42 of 1st period - Wrist shot by Noel Acciari.
1:42 of 1st period - Stopped by James Reimer with a rebound.
1:44 of 1st period - Snap shot by Marco Scandella.
1:44 of 1st period - Shot Blocked by Patrice Bergeron.
1:54 of 1st period - Wrist shot by Eric Nystrom.
1:54 of 1st period - Stopped by James Reimer without a rebound.
1:55 of 1st period - Ryan Johansen wins face-off versus Connor McDavid in Oilers zone.
2:02 of 1st period - Wrist shot by Viktor Arvidsson.
2:02 of 1st period - Shot Misses the Net.
2:04 of 1st period - Slapshot by Jake McCabe.
2:04 of 1st period - Deflect By Viktor Arvidsson.
2:04 of 1st period - Goal by Viktor Arvidsson - Oilers : 0 - Jets : 1.
2:05 of 1st period - Adam Henrique wins face-off versus Patrice Bergeron in neutral zone.
3:04 of 1st period - Snap shot by Pierre-Marc Bouchard.
3:04 of 1st period - Stopped by James Reimer without a rebound.
3:05 of 1st period - Patrice Bergeron wins face-off versus Adam Henrique in Oilers zone.
3:12 of 1st period - Slapshot by Patrice Bergeron.
3:12 of 1st period - Stopped by Michal Neuvirth with a rebound.
3:32 of 1st period - Jussi Jokinen is hit by Viktor Arvidsson and loses puck.
4:03 of 1st period - Off-side.
4:04 of 1st period - Patrice Bergeron wins face-off versus Ryan Johansen in neutral zone.
4:11 of 1st period - Slapshot by Evander Kane.
4:11 of 1st period - Shot Misses the Net.
4:16 of 1st period - Off-side.
4:17 of 1st period - Adam Henrique wins face-off versus Patrice Bergeron in neutral zone.
4:56 of 1st period - Snap shot by Pierre-Marc Bouchard.
4:56 of 1st period - Shot Misses the Net.
4:58 of 1st period - Wrist shot by Johnny Boychuk.
4:58 of 1st period - Stopped by James Reimer without a rebound.
4:59 of 1st period - Jason Zucker wins face-off versus Connor McDavid in Oilers zone.
5:06 of 1st period - Slapshot by Jake Gardiner.
5:06 of 1st period - Stopped by Michal Neuvirth with a rebound.
5:08 of 1st period - Snap shot by Connor McDavid.
5:08 of 1st period - Stopped by Michal Neuvirth without a rebound.
5:09 of 1st period - Ryan Johansen wins face-off versus Connor McDavid in Jets zone.
5:23 of 1st period - Icing by Cam Barker.
5:24 of 1st period - Connor McDavid wins face-off versus Adam Henrique in Oilers zone.
5:24 of 1st period - Connor McDavid is hit by Brent Burns.
5:50 of 1st period - Cam Barker is hit by Jordan Martinook and loses puck.
6:07 of 1st period - Alexander Wennberg is hit by Darnell Nurse.
6:23 of 1st period - Snap shot by Viktor Arvidsson.
6:23 of 1st period - Shot Blocked by Darnell Nurse.
7:26 of 1st period - Snap shot by Conor Sheary.
7:26 of 1st period - Shot Blocked by Jake McCabe.
7:32 of 1st period - Wrist shot by Ryan Nugent-Hopkins.
7:32 of 1st period - Shot Blocked by Jake McCabe.
7:34 of 1st period - Backhand shot by Andy Rogers.
7:34 of 1st period - Shot Misses the Net.
7:44 of 1st period - Wrist shot by Ryan Johansen.
7:44 of 1st period - Stopped by James Reimer without a rebound.
7:45 of 1st period - Ryan Johansen wins face-off versus Connor McDavid in Oilers zone.
7:54 of 1st period - Slapshot by Viktor Arvidsson.
7:54 of 1st period - Shot Blocked by Jake Gardiner.
8:12 of 1st period - Slapshot by Conor Sheary.
8:12 of 1st period - Stopped by Michal Neuvirth without a rebound.
8:13 of 1st period - Ryan Nugent-Hopkins wins face-off versus Ryan Johansen in Jets zone.
8:16 of 1st period - Wrist shot by Leon Draisaitl.
8:16 of 1st period - Shot Misses the Net.
8:18 of 1st period - Wrist shot by Conor Sheary.
8:18 of 1st period - Shot Misses the Net.
8:20 of 1st period - Snap shot by Ryan Nugent-Hopkins.
8:20 of 1st period - Stopped by Michal Neuvirth without a rebound.
8:21 of 1st period - Ryan Nugent-Hopkins wins face-off versus Ryan Johansen in Jets zone.
8:30 of 1st period - Slapshot by Rasmus Ristolainen.
8:30 of 1st period - Deflect By Leon Draisaitl.
8:30 of 1st period - Stopped by Michal Neuvirth without a rebound.
8:31 of 1st period - Patrice Bergeron wins face-off versus Viktor Arvidsson in Jets zone.
8:34 of 1st period - Snap shot by Alex Galchenyuk.
8:34 of 1st period - Stopped by Michal Neuvirth with a rebound.
8:42 of 1st period - Slapshot by Viktor Arvidsson.
8:42 of 1st period - Stopped by James Reimer with a rebound.
8:58 of 1st period - Kyle Okposo is hit by Leon Draisaitl.
9:06 of 1st period - Slapshot by Adam Henrique.
9:06 of 1st period - Shot Misses the Net.
9:11 of 1st period - Minor Penalty to Adam Henrique for Holding.
9:12 of 1st period - Noel Acciari wins face-off versus Ryan Nugent-Hopkins in Jets zone.
9:12 of 1st period - Noel Acciari is hit by Jake Gardiner.
9:47 of 1st period - Ryan Johansen is hit by Tyler Toffoli and loses puck.
10:04 of 1st period - Marco Scandella is hit by Evander Kane and loses puck.
11:11 of 1st period - Penalty to Adam Henrique is over, Adam Henrique is back on ice.
11:16 of 1st period - Slapshot by Rasmus Ristolainen.
11:16 of 1st period - Shot Misses the Net.
11:18 of 1st period - Wrist shot by Patrice Bergeron.
11:18 of 1st period - Stopped by Michal Neuvirth with a rebound.
11:42 of 1st period - Snap shot by Viktor Arvidsson.
11:42 of 1st period - Stopped by James Reimer with a rebound.
11:48 of 1st period - Slapshot by Ryan Johansen.
11:48 of 1st period - Goal by Ryan Johansen - Oilers : 0 - Jets : 2.
11:49 of 1st period - Patrice Bergeron wins face-off versus Adam Henrique in neutral zone.
12:27 of 1st period - Wrist shot by Viktor Arvidsson.
12:27 of 1st period - Shot Blocked by Tyler Toffoli.
12:45 of 1st period - Snap shot by Leon Draisaitl.
12:45 of 1st period - Shot Misses the Net.
12:47 of 1st period - Minor Penalty to Brent Burns for Roughing.
12:48 of 1st period - Noel Acciari wins face-off versus Ryan Nugent-Hopkins in Jets zone.
12:54 of 1st period - Off-side.
12:55 of 1st period - Alex Galchenyuk wins face-off versus Noel Acciari in neutral zone.
14:38 of 1st period - Snap shot by Connor McDavid.
14:38 of 1st period - Goal by Connor McDavid - Oilers : 1 - Jets : 2.
14:39 of 1st period - Ryan Johansen wins face-off versus Connor McDavid in neutral zone.
15:06 of 1st period - Max Domi is hit by Ted Purcell and loses puck.
15:16 of 1st period - Icing by Jake McCabe.
15:17 of 1st period - Patrice Bergeron wins face-off versus Adam Henrique in Jets zone.
16:21 of 1st period - Icing by Leon Draisaitl.
16:22 of 1st period - Noel Acciari wins face-off versus Patrice Bergeron in Oilers zone.
16:36 of 1st period - Off-side.
16:37 of 1st period - Ryan Johansen wins face-off versus Patrice Bergeron in neutral zone.
16:42 of 1st period - Snap shot by Ryan Johansen.
16:42 of 1st period - Deflect By Jason Zucker.
16:42 of 1st period - Shot Blocked by Evander Kane.
16:42 of 1st period - Puck is out of play.
16:43 of 1st period - Ryan Johansen wins face-off versus Patrice Bergeron in Oilers zone.
16:55 of 1st period - Off-side.
16:56 of 1st period - Ryan Johansen wins face-off versus Patrice Bergeron in neutral zone.
17:07 of 1st period - Wrist shot by Patrice Bergeron.
17:07 of 1st period - Stopped by Michal Neuvirth without a rebound.
17:08 of 1st period - Patrice Bergeron wins face-off versus Kyle Okposo in Jets zone.
17:11 of 1st period - Wrist shot by Evander Kane.
17:11 of 1st period - Shot Misses the Net.
17:32 of 1st period - Minor Penalty to Jake Gardiner for Goalie Interference.
17:33 of 1st period - Adam Henrique wins face-off versus Alex Galchenyuk in Oilers zone.
18:38 of 1st period - Wrist shot by Adam Henrique.
18:38 of 1st period - Stopped by James Reimer without a rebound.
18:39 of 1st period - Adam Henrique wins face-off versus Patrice Bergeron in Oilers zone.
18:58 of 1st period - Wrist shot by Viktor Arvidsson.
18:58 of 1st period - Stopped by James Reimer with a rebound.
19:00 of 1st period - Slapshot by Marco Scandella.
19:00 of 1st period - Stopped by James Reimer without a rebound.
19:01 of 1st period - Ryan Johansen wins face-off versus Connor McDavid in Oilers zone.
19:18 of 1st period - Snap shot by Brent Burns.
19:18 of 1st period - Shot Misses the Net.
19:32 of 1st period - Penalty to Jake Gardiner is over, Jake Gardiner is back on ice.
Goals for this period are 1 for Oilers vs 2 for Jets.
Shots for this period are 10 for Oilers vs 12 for Jets.
2nd period
0:01 of 2nd period - Patrice Bergeron wins face-off versus Ryan Johansen in neutral zone.
0:06 of 2nd period - Snap shot by Alex Galchenyuk.
0:06 of 2nd period - Shot Misses the Net.
0:14 of 2nd period - Slapshot by Patrice Bergeron.
0:14 of 2nd period - Stopped by Michal Neuvirth with a rebound.
0:16 of 2nd period - Wrist shot by Patrice Bergeron.
0:16 of 2nd period - Stopped by Michal Neuvirth with a rebound.
1:11 of 2nd period - Snap shot by Viktor Arvidsson.
1:11 of 2nd period - Stopped by James Reimer with a rebound.
1:27 of 2nd period - Slapshot by Darnell Nurse.
1:27 of 2nd period - Deflect By Evander Kane.
1:27 of 2nd period - Shot Misses the Net.
1:27 of 2nd period - Puck is out of play.
1:28 of 2nd period - Patrice Bergeron wins face-off versus Iiro Pakarinen in Jets zone.
1:31 of 2nd period - Wrist shot by Alex Galchenyuk.
1:31 of 2nd period - Shot Blocked by Marco Scandella.
3:09 of 2nd period - Snap shot by Evander Kane.
3:09 of 2nd period - Shot Blocked by Jake McCabe.
3:11 of 2nd period - Slapshot by Jake Gardiner.
3:11 of 2nd period - Stopped by Michal Neuvirth with a rebound.
3:13 of 2nd period - Wrist shot by Patrice Bergeron.
3:13 of 2nd period - Shot Blocked by Johnny Boychuk.
3:15 of 2nd period - Slapshot by Cam Barker.
3:15 of 2nd period - Shot Misses the Net.
3:17 of 2nd period - Snap shot by Patrice Bergeron.
3:17 of 2nd period - Shot Blocked by Eric Nystrom.
3:19 of 2nd period - Slapshot by Cam Barker.
3:19 of 2nd period - Shot Misses the Net.
3:31 of 2nd period - Wrist shot by Patrice Bergeron.
3:31 of 2nd period - Goal by Patrice Bergeron - Oilers : 2 - Jets : 2.
3:32 of 2nd period - Ryan Johansen wins face-off versus Connor McDavid in neutral zone.
4:46 of 2nd period - Viktor Arvidsson is hit by Nail Yakupov and loses puck.
8:53 of 2nd period - Ryan Nugent-Hopkins is hit by Eric Nystrom and loses puck.
9:08 of 2nd period - Max Domi is hit by Nail Yakupov.
9:12 of 2nd period - Nail Yakupov is hit by Adam Henrique and loses puck.
9:35 of 2nd period - Viktor Arvidsson is hit by Patrice Bergeron and loses puck.
9:52 of 2nd period - Slapshot by Johnny Boychuk.
9:52 of 2nd period - Stopped by James Reimer without a rebound.
9:53 of 2nd period - Cam Barker wins face-off versus Adam Henrique in Oilers zone.
10:00 of 2nd period - Slapshot by Marco Scandella.
10:00 of 2nd period - Stopped by James Reimer with a rebound.
10:02 of 2nd period - Snap shot by Adam Henrique.
10:02 of 2nd period - Stopped by James Reimer without a rebound.
10:03 of 2nd period - Patrice Bergeron wins face-off versus Adam Henrique in Oilers zone.
10:39 of 2nd period - Snap shot by Adam Henrique.
10:39 of 2nd period - Goal by Adam Henrique - Oilers : 2 - Jets : 3.
10:40 of 2nd period - Patrice Bergeron wins face-off versus Ryan Johansen in neutral zone.
10:43 of 2nd period - Slapshot by Evander Kane.
10:43 of 2nd period - Shot Misses the Net.
10:45 of 2nd period - Snap shot by Evander Kane.
10:45 of 2nd period - Stopped by Michal Neuvirth with a rebound.
10:47 of 2nd period - Snap shot by Patrice Bergeron.
10:47 of 2nd period - Oilers goal is going for a video replay.
10:47 of 2nd period - The goal is refused. The attacking player has interfered with a goalkeeper in his goal crease..
10:48 of 2nd period - Patrice Bergeron wins face-off versus Ryan Johansen in Jets zone.
10:51 of 2nd period - Wrist shot by Evander Kane.
10:51 of 2nd period - Shot Blocked by Dougie Hamilton.
10:53 of 2nd period - Slapshot by Cam Barker.
10:53 of 2nd period - Deflect By Evander Kane.
10:53 of 2nd period - Shot Misses the Net.
10:53 of 2nd period - Puck is out of play.
10:54 of 2nd period - Evander Kane wins face-off versus Ryan Johansen in Jets zone.
10:55 of 2nd period - Snap shot by Alex Galchenyuk.
10:55 of 2nd period - Stopped by Michal Neuvirth without a rebound.
10:56 of 2nd period - Patrice Bergeron wins face-off versus Ryan Johansen in Jets zone.
11:07 of 2nd period - Slapshot by Alex Galchenyuk.
11:07 of 2nd period - Shot Blocked by Dougie Hamilton.
11:09 of 2nd period - Slapshot by Evander Kane.
11:09 of 2nd period - Deflect By Patrice Bergeron.
11:09 of 2nd period - Shot Misses the Net.
11:09 of 2nd period - Puck is out of play.
11:10 of 2nd period - Patrice Bergeron wins face-off versus Ryan Johansen in Jets zone.
11:11 of 2nd period - Snap shot by Evander Kane.
11:11 of 2nd period - Shot Blocked by Jason Zucker.
11:13 of 2nd period - Wrist shot by Alex Galchenyuk.
11:13 of 2nd period - Stopped by Michal Neuvirth with a rebound.
11:17 of 2nd period - Wrist shot by Patrice Bergeron.
11:17 of 2nd period - Shot Misses the Net.
11:19 of 2nd period - Slapshot by Cam Barker.
11:19 of 2nd period - Shot Misses the Net.
11:21 of 2nd period - Slapshot by Jake Gardiner.
11:21 of 2nd period - Shot Misses the Net.
11:25 of 2nd period - Slapshot by Patrice Bergeron.
11:25 of 2nd period - Stopped by Michal Neuvirth without a rebound.
11:26 of 2nd period - Adam Henrique wins face-off versus Connor McDavid in Jets zone.
11:26 of 2nd period - Adam Henrique is hit by Tyler Toffoli.
11:29 of 2nd period - Minor Penalty to Kyle Okposo for Hooking.
11:30 of 2nd period - Ryan Nugent-Hopkins wins face-off versus Noel Acciari in Jets zone.
11:32 of 2nd period - Wrist shot by Alex Galchenyuk.
11:32 of 2nd period - Stopped by Michal Neuvirth without a rebound.
11:33 of 2nd period - Ryan Nugent-Hopkins wins face-off versus Noel Acciari in Jets zone.
12:13 of 2nd period - Wrist shot by Ryan Johansen.
12:13 of 2nd period - Stopped by James Reimer without a rebound.
12:14 of 2nd period - Noel Acciari wins face-off versus Ryan Nugent-Hopkins in Oilers zone.
12:17 of 2nd period - Snap shot by Noel Acciari.
12:17 of 2nd period - Stopped by James Reimer with a rebound.
12:51 of 2nd period - Wrist shot by Connor McDavid.
12:51 of 2nd period - Stopped by Michal Neuvirth without a rebound.
12:52 of 2nd period - Ryan Nugent-Hopkins wins face-off versus Noel Acciari in Jets zone.
12:53 of 2nd period - Wrist shot by Evander Kane.
12:53 of 2nd period - Shot Blocked by Brent Burns.
12:55 of 2nd period - Wrist shot by Cam Barker.
12:55 of 2nd period - Stopped by Michal Neuvirth with a rebound.
12:57 of 2nd period - Slapshot by Cam Barker.
12:57 of 2nd period - Deflect By Ryan Nugent-Hopkins.
12:57 of 2nd period - Stopped by Michal Neuvirth without a rebound.
12:58 of 2nd period - Ryan Nugent-Hopkins wins face-off versus Noel Acciari in Jets zone.
13:03 of 2nd period - Snap shot by Alex Galchenyuk.
13:03 of 2nd period - Shot Misses the Net.
13:05 of 2nd period - Slapshot by Alex Galchenyuk.
13:05 of 2nd period - Goal by Alex Galchenyuk - Oilers : 3 - Jets : 3.
13:06 of 2nd period - Ryan Johansen wins face-off versus Patrice Bergeron in neutral zone.
13:06 of 2nd period - Ryan Johansen is hit by Patrice Bergeron.
13:10 of 2nd period - Cam Barker is hit by Jeff Schultz and loses puck.
14:51 of 2nd period - Minor Penalty to Tyler Toffoli for Hooking.
14:52 of 2nd period - Patrice Bergeron wins face-off versus Adam Henrique in Oilers zone.
15:02 of 2nd period - Slapshot by Dougie Hamilton.
15:02 of 2nd period - Shot Misses the Net.
15:04 of 2nd period - Slapshot by Jake McCabe.
15:04 of 2nd period - Deflect By Adam Henrique.
15:04 of 2nd period - Goal by Adam Henrique - Oilers : 3 - Jets : 4.
15:05 of 2nd period - Patrice Bergeron wins face-off versus Ryan Johansen in neutral zone.
15:32 of 2nd period - Tyler Toffoli is hit by Dougie Hamilton.
15:36 of 2nd period - Slapshot by Jake Gardiner.
15:36 of 2nd period - Stopped by Michal Neuvirth without a rebound.
15:37 of 2nd period - Connor McDavid wins face-off versus Adam Henrique in Jets zone.
15:54 of 2nd period - Wrist shot by Max Domi.
15:54 of 2nd period - Shot Misses the Net.
16:02 of 2nd period - Max Domi is hit by Rasmus Ristolainen.
16:28 of 2nd period - Wrist shot by Jussi Jokinen.
16:28 of 2nd period - Stopped by Michal Neuvirth with a rebound.
17:19 of 2nd period - Snap shot by Max Domi.
17:19 of 2nd period - Shot Misses the Net.
17:59 of 2nd period - Wrist shot by Max Domi.
17:59 of 2nd period - Stopped by James Reimer without a rebound.
18:00 of 2nd period - Ryan Johansen wins face-off versus Patrice Bergeron in Oilers zone.
18:37 of 2nd period - Slapshot by Alexander Wennberg.
18:37 of 2nd period - Stopped by James Reimer with a rebound.
18:39 of 2nd period - Slapshot by Dougie Hamilton.
18:39 of 2nd period - Stopped by James Reimer with a rebound.
19:26 of 2nd period - Snap shot by Pierre-Marc Bouchard.
19:26 of 2nd period - Shot Blocked by Evander Kane.
19:36 of 2nd period - Patrice Bergeron is hit by Jeff Schultz and loses puck.
Goals for this period are 2 for Oilers vs 2 for Jets.
Shots for this period are 16 for Oilers vs 11 for Jets.
3rd period
0:01 of 3rd period - Ryan Johansen wins face-off versus Patrice Bergeron in neutral zone.
0:25 of 3rd period - Minor Penalty to Patrice Bergeron for Tripping.
0:26 of 3rd period - Connor McDavid wins face-off versus Adam Henrique in Oilers zone.
0:26 of 3rd period - Connor McDavid is hit by Viktor Arvidsson.
1:14 of 3rd period - Icing by Max Domi.
1:15 of 3rd period - Adam Henrique wins face-off versus Ryan Nugent-Hopkins in Jets zone.
1:19 of 3rd period - Off-side.
1:20 of 3rd period - Ryan Nugent-Hopkins wins face-off versus Adam Henrique in neutral zone.
2:07 of 3rd period - Connor McDavid is hit by Marco Scandella.
2:25 of 3rd period - Penalty to Patrice Bergeron is over, Patrice Bergeron is back on ice.
2:31 of 3rd period - Snap shot by Ryan Johansen.
2:31 of 3rd period - Shot Misses the Net.
3:03 of 3rd period - Icing by Jeff Schultz.
3:04 of 3rd period - Patrice Bergeron wins face-off versus Pierre-Marc Bouchard in Jets zone.
3:27 of 3rd period - Jeff Schultz is hit by Patrice Bergeron and loses puck.
3:48 of 3rd period - Slapshot by Patrice Bergeron.
3:48 of 3rd period - Shot Misses the Net.
3:58 of 3rd period - Snap shot by Nail Yakupov.
3:58 of 3rd period - Stopped by Michal Neuvirth with a rebound.
4:00 of 3rd period - Wrist shot by Nail Yakupov.
4:00 of 3rd period - Goal by Nail Yakupov - Oilers : 4 - Jets : 4.
4:01 of 3rd period - Ryan Johansen wins face-off versus Connor McDavid in neutral zone.
4:14 of 3rd period - Wrist shot by Viktor Arvidsson.
4:14 of 3rd period - Shot Blocked by Cam Barker.
4:34 of 3rd period - Brent Burns is hit by Ryan Nugent-Hopkins and loses puck.
4:51 of 3rd period - Wrist shot by Adam Henrique.
4:51 of 3rd period - Shot Misses the Net.
5:09 of 3rd period - Slapshot by Marco Scandella.
5:09 of 3rd period - Deflect By Iiro Pakarinen.
5:09 of 3rd period - Stopped by James Reimer with a rebound.
5:17 of 3rd period - Snap shot by Eric Nystrom.
5:17 of 3rd period - Stopped by James Reimer with a rebound.
5:19 of 3rd period - Snap shot by Noel Acciari.
5:19 of 3rd period - Deflect By Eric Nystrom.
5:19 of 3rd period - Stopped by James Reimer with a rebound.
5:21 of 3rd period - Wrist shot by Eric Nystrom.
5:21 of 3rd period - Shot Misses the Net.
5:35 of 3rd period - Wrist shot by Leon Draisaitl.
5:35 of 3rd period - Deflect By Ryan Nugent-Hopkins.
5:35 of 3rd period - Shot Misses the Net.
5:35 of 3rd period - Puck is out of play.
5:36 of 3rd period - Adam Henrique wins face-off versus Ryan Nugent-Hopkins in Jets zone.
6:41 of 3rd period - Connor McDavid is hit by Johnny Boychuk and loses puck.
7:30 of 3rd period - Jake McCabe is hit by Evander Kane and loses puck.
7:53 of 3rd period - Slapshot by Pierre-Marc Bouchard.
7:53 of 3rd period - Stopped by James Reimer with a rebound.
8:31 of 3rd period - Wrist shot by Viktor Arvidsson.
8:31 of 3rd period - Deflect By Ryan Johansen.
8:31 of 3rd period - Deflect By Conor Sheary.
8:31 of 3rd period - Shot Misses the Net.
8:31 of 3rd period - Puck is out of play.
8:32 of 3rd period - Ryan Nugent-Hopkins wins face-off versus Adam Henrique in Oilers zone.
9:24 of 3rd period - Snap shot by Jake Gardiner.
9:24 of 3rd period - Shot Misses the Net.
9:26 of 3rd period - Slapshot by Duncan Keith.
9:26 of 3rd period - Shot Misses the Net.
9:28 of 3rd period - Snap shot by Duncan Keith.
9:28 of 3rd period - Deflect By Ryan Nugent-Hopkins.
9:28 of 3rd period - Shot Misses the Net.
9:28 of 3rd period - Puck is out of play.
9:29 of 3rd period - Ryan Johansen wins face-off versus Patrice Bergeron in Jets zone.
10:17 of 3rd period - Jeff Schultz is hit by Patrice Bergeron and loses puck.
10:28 of 3rd period - Minor Penalty to Max Domi for Roughing.
10:29 of 3rd period - Jordan Martinook wins face-off versus Ryan Nugent-Hopkins in Jets zone.
10:38 of 3rd period - Slapshot by Jake Gardiner.
10:38 of 3rd period - Goal by Jake Gardiner - Oilers : 5 - Jets : 4.
10:39 of 3rd period - Ryan Johansen wins face-off versus Patrice Bergeron in neutral zone.
10:39 of 3rd period - Viktor Arvidsson is hit by Alex Galchenyuk.
12:05 of 3rd period - Slapshot by Jake McCabe.
12:05 of 3rd period - Deflect By Viktor Arvidsson.
12:05 of 3rd period - Stopped by James Reimer with a rebound.
13:24 of 3rd period - Andy Rogers is hit by Viktor Arvidsson and loses puck.
13:29 of 3rd period - Snap shot by Viktor Arvidsson.
13:29 of 3rd period - Deflect By Jason Zucker.
13:29 of 3rd period - Shot Misses the Net.
13:29 of 3rd period - Puck is out of play.
13:30 of 3rd period - Ryan Johansen wins face-off versus Ryan Nugent-Hopkins in Oilers zone.
14:18 of 3rd period - Alexander Wennberg is hit by Evander Kane and loses puck.
14:33 of 3rd period - Double Minor Penalty to Marco Scandella for High sticking.
14:34 of 3rd period - Ryan Nugent-Hopkins wins face-off versus Noel Acciari in Jets zone.
14:51 of 3rd period - Slapshot by Cam Barker.
14:51 of 3rd period - Shot Misses the Net.
15:31 of 3rd period - Alex Galchenyuk is hit by Dougie Hamilton and loses puck.
16:15 of 3rd period - Icing by Evander Kane.
16:16 of 3rd period - Noel Acciari wins face-off versus Connor McDavid in Oilers zone.
16:19 of 3rd period - Slapshot by Kyle Okposo.
16:19 of 3rd period - Shot Misses the Net.
16:25 of 3rd period - Jeff Schultz is hit by Tyler Toffoli and loses puck.
17:14 of 3rd period - Johnny Boychuk is hit by Leon Draisaitl and loses puck.
18:21 of 3rd period - Jake Gardiner is hit by Adam Henrique and loses puck.
18:33 of 3rd period - Penalty to Marco Scandella is over, Marco Scandella is back on ice.
18:34 of 3rd period - Ryan Nugent-Hopkins is hit by Marco Scandella and loses puck.
18:46 of 3rd period - Icing by Marco Scandella.
18:47 of 3rd period - Nail Yakupov wins face-off versus Ryan Johansen in Jets zone.
18:54 of 3rd period - Wrist shot by Patrice Bergeron.
18:54 of 3rd period - Shot Misses the Net.
19:14 of 3rd period - Jets, Michal Neuvirth is pulled from the net.
19:32 of 3rd period - Wrist shot by Viktor Arvidsson.
19:32 of 3rd period - Stopped by James Reimer with a rebound.
19:34 of 3rd period - Snap shot by Ryan Johansen.
19:34 of 3rd period - Shot Blocked by Tobias Enstrom.
Goals for this period are 2 for Oilers vs 0 for Jets.
Shots for this period are 3 for Oilers vs 6 for Jets.